 Dungeon Crawl Stone Soup version 0.30.0-29-ga12c61a403 (webtiles) character file.

Game seed: 6830161590288272002

2791 cdecastro the Grappler (level 9, -4/85 HPs)
             Began as a Ghoul Fighter on June 3, 2023.
             Was a Follower of Makhleb.
             Shot with an arrow by a centaur (7 damage)
             ... on level 8 of the Dungeon.
             The game lasted 00:14:08 (6118 turns).

cdecastro the Grappler (Ghoul Fighter)              Turns: 6118, Time: 00:14:09

Health: -4/85      AC: 13    Str: 24    XL:     9   Next: 71%
Magic:  11/11      EV:  6    Int:  3    God:    Makhleb [*.....]
Gold:   341        SH:  4    Dex:  8    Spells: 8/8 levels left

rFire   + .          .
                       - Unarmed
rCold   + . .        b - +0 buckler
rNeg    + + +        K - +0 plate armour
rPois   ∞            q - +0 helmet
rElec   .            u - +0 cloak
rCorr   .            (no gloves)
SInv    .            (no boots)
Will    +....        (no amulet) Stlth
                     h - ring of willpower
HPRegen 0.00/turn    p - ring of protection from fire
MPRegen 0.12/turn

%: no passive effects
@: inhibited regen
A: claws 1, cold resistance 1, negative energy resistance 3, inhibited
regeneration, torment resistance 2, devour on kill
a: Renounce Religion


You were on level 8 of the Dungeon.
You worshipped Makhleb.
Makhleb was aware of your devotion.
You visited 2 branches of the dungeon, and saw 9 of its levels.

You collected 341 gold pieces.

Inventory:

Hand Weapons
 a - a +3 sling of flaming
Missiles
 f - 13 poisoned darts (quivered)
Armour
 b - a +0 buckler (worn)
 q - a +0 helmet (worn)
 u - a +0 cloak (worn)
 K - a +0 plate armour (worn)
Magical Staves
 F - a staff of cold
Jewellery
 c - a ring of magical power
 h - a ring of willpower (left claw)
 o - a ring of fire
 p - a ring of protection from fire (right claw)
 D - an amulet of guardian spirit
Wands
 E - a wand of flame (33)
Scrolls
 d - 10 scrolls of identify {unknown}
 g - a scroll of blinking {unknown}
 j - 4 scrolls of amnesia {unknown}
 l - 2 scrolls of poison {unknown}
 n - 2 scrolls of noise {unknown}
 r - 3 scrolls of fear {unknown}
 s - 4 scrolls of fog {unknown}
 t - 3 scrolls of torment {unknown}
 v - a scroll of silence {unknown}
 x - a scroll of teleportation {unknown}
 y - 3 scrolls of magic mapping {unknown}
 B - 4 scrolls of immolation {unknown}
 G - a scroll of brand weapon {unknown}
 H - a scroll of enchant weapon {unknown}
Potions
 e - 2 potions of mutation {unknown}
 i - a potion of brilliance {unknown}
 k - 2 potions of heal wounds {unknown}
 m - 2 potions of attraction {unknown}
 w - a potion of curing {unknown}
 z - 4 potions of flight {unknown}
 A - a potion of magic {unknown}
 C - 2 potions of berserk rage {unknown}
 I - 2 potions of degeneration {unknown}


   Skills:
 - Level 10.0 Fighting
 - Level 2.6 Armour
 - Level 2.6 Shields
 - Level 10.0 Unarmed Combat
 + Level 4.4 Invocations


You had 8 spell levels left.
You didn't know any spells.
Your spell library contained the following spells:

 Spells                   Type           Power      Damage    Failure   Level
 Foxfire                  Conj/Fire      0%         2x1d4     100%        1
 Magic Dart               Conj           0%         1d3       100%        1
 Slow                     Hex            0%         N/A       100%        1
 Call Imp                 Summ           0%         N/A       100%        2
 Static Discharge         Conj/Air       0%         2-2/arc   100%        2
 Confusing Touch          Hex            0%         N/A       100%        3
 Inner Flame              Hex/Fire       0%         N/A       100%        3
 Mephitic Cloud           Conj/Pois/Air  0%         N/A       100%        3
 Vampiric Draining        Necr           0%         2d6       100%        3
 Airstrike                Air            0%         2d(0-16)  100%        4
 Flame Wave               Conj/Fire      0%         2d4       100%        4
 Sticky Flame             Conj/Fire      0%         2d3       100%        4
 Summon Ice Beast         Ice/Summ       0%         N/A       100%        4
 Summon Lightning Spire   Summ/Air       0%         N/A       100%        4
 Fireball                 Conj/Fire      0%         3d3       100%        5
 Summon Mana Viper        Hex/Summ       0%         N/A       100%        5
 Plasma Beam              Fire/Air       0%         2x1d11    100%        6
 Starburst                Conj/Fire      0%         6d3       100%        6
 Monstrous Menagerie      Summ           0%         N/A       100%        7


Dungeon Overview and Level Annotations

Branches:
Dungeon (8/15)             Temple (1/1) D:4
   Lair: D:8-11

Altars:
Ashenzari
Cheibriados
Dithmenos
Kikubaaqudgha
Makhleb
Nemelex Xobeh
Okawaru
Qazlal
Ru
Sif Muna
Trog
Wu Jian
Xom
Yredelemnul

Shops:
D:1 *   D:4 :[   D:5 =   D:7 (

Annotations:
D:3 1 runed translucent door, Crazy Yiuf
D:5 Duvessa
D:8 Psyche


Innate Abilities, Weirdness & Mutations

You are immune to poison.
You have sharp fingernails.
Your flesh is cold resistant. (rC+)
You are immune to negative energy. (rN+++)
You do not regenerate when monsters are visible.
You are immune to unholy pain and torment.
You thrive by killing the living.


Message History

The electric eel shoots out a bolt of lightning at you!
The bolt of electricity hits you!
You claw the centaur!
The centaur is moderately wounded.
The centaur hits you but does no damage.
The centaur kicks you.
* * * LOW HITPOINT WARNING * * *
The centaur barely misses you.
The centaur kicks you but does no damage.
The centaur wields a +0 shortbow.
The centaur shoots an arrow.
You block the arrow.
The centaur shoots an arrow.
The arrow hits you but does no damage.
The electric eel shoots out a bolt of lightning at you!
The bolt of electricity hits you.
* * * LOW HITPOINT WARNING * * *
The centaur shoots an arrow.
The arrow hits you!
* * * LOW HITPOINT WARNING * * *
The electric eel shoots out a bolt of lightning at you!
The bolt of electricity hits you.
* * * LOW HITPOINT WARNING * * *
The centaur unwields a +0 shortbow.
The centaur hits you but does no damage.
You block the centaur's attack.
The centaur hits you but does no damage.
The centaur barely misses you.
You claw the centaur!
The centaur is almost dead.
The centaur hits you but does no damage.
The centaur completely misses you.
You scratch the centaur.
You kill the centaur!
Makhleb accepts your kill.
A centaur comes into view.
The centaur wields a +0 shortbow.
The centaur shoots an arrow.
The arrow hits you!
* * * LOW HITPOINT WARNING * * *
The centaur shoots an arrow.
The arrow hits you!
* * * LOW HITPOINT WARNING * * *
The centaur shoots an arrow.
The arrow hits you!
You die...

......##.. #..
#............... #..##
#.......#...8...
#...#####......#.......
#..............#.......
##.........#....#.......
#..c............#..#..#
#.....................##
.......@......).........
..............##=....~..
.###..........###...≈≈~.
#####..........S~≈~~~
#........##..~~~~~
#.........# ..~~~~~
#...........#..≈≈~~.
#..#...........~~....
.######.....#..


You could see a centaur.

Vanquished Creatures
  Joseph (D:7)
  4 yaks (D:8)
  A black bear (D:4)
  An ice beast (D:7)
  A sky beast (D:7)
  An ogre (D:6)
  2 wolves (D:7)
  A phantom (D:4)
  4 centaurs
  Blork the orc (D:6)
  A gnoll sergeant (D:7)
  2 scorpions
  2 wights
  A hornet simulacrum (D:8)
  Dowan (D:5)
  A sleepcap (D:6)
  3 orc priests
  2 jellies
  An iguana (D:4)
  4 orc wizards
  A centaur simulacrum (D:8)
  A killer bee simulacrum (D:8)
  4 gnolls (D:7)
  6 adders
  3 white imps
  An ufetubus (D:7)
  A dart slug (D:2)
  8 orcs
  5 ball pythons
  8 endoplasms
  10 giant cockroaches
  9 goblins
  5 hobgoblins
  2 jackals (D:2)
  3 quokkas
  6 bats
  2 frilled lizards
  7 kobolds
  4 rats
121 creatures vanquished.

Notes
Turn   | Place    | Note
-------+----------+-------------------------------------------
     0 | D:1      | cdecastro the Ghoul Fighter began the quest for the Orb.
     0 | D:1      | Reached XP level 1. HP: 19/19 MP: 0/0
   204 | D:1      | Reached XP level 2. HP: 26/26 MP: 1/1
   360 | D:1      | Found Malaoh's Assorted Antiques.
   559 | D:1      | Reached XP level 3. HP: 31/31 MP: 2/2
  1352 | D:2      | Reached XP level 4. HP: 33/38 MP: 3/3
  1775 | D:3      | Found a stormy altar of Qazlal.
  1956 | D:3      | Found a runed translucent door.
  1957 | D:3      | Noticed Crazy Yiuf
  2090 | D:3      | Reached skill level 5 in Unarmed Combat
  2691 | D:4      | Found Memmirut's Book Emporium.
  2847 | D:4      | Reached XP level 5. HP: 45/45 MP: 4/4
  2850 | D:4      | Noticed a black bear
  2856 | D:4      | Killed a black bear
  2988 | D:4      | Reached XP level 6. HP: 51/51 MP: 5/5
  3228 | D:4      | Found Margaret's Dragon-Slaying Spoils.
  3345 | D:4      | Found a staircase to the Ecumenical Temple.
  3359 | Temple   | Entered the Ecumenical Temple
  3370 | Temple   | Became a worshipper of Makhleb the Destroyer
  3436 | D:5      | Entered Level 5 of the Dungeon
  3467 | D:5      | Reached XP level 7. HP: 57/57 MP: 6/6
  3508 | D:5      | Noticed Dowan
  3529 | D:5      | Killed Dowan
  3535 | D:5      | Noticed Duvessa
  3586 | D:5      | Found Picro's Jewellery Shop.
  3740 | D:6      | Noticed Blork the orc
  3754 | D:6      | Killed Blork the orc
  3916 | D:6      | Reached XP level 8. HP: 54/63 MP: 7/7
  3964 | D:6      | Reached skill level 10 in Unarmed Combat
  4582 | D:7      | Found Tygruhoc's Antique Weapon Shop.
  4845 | D:7      | Reached skill level 5 in Fighting
  4995 | D:7      | Noticed Joseph
  5010 | D:7      | Killed Joseph
  5148 | D:7      | Reached XP level 9. HP: 74/81 MP: 8/8
  5563 | D:8      | Reached * piety under Makhleb
  5685 | D:8      | Reached skill level 10 in Fighting
  5750 | D:8      | Noticed Psyche
  6117 | D:8      | HP: 3/85 [centaur/arrow (8)]
  6118 | D:8      | Shot with an arrow by a centaur

Illustrated notes

Levels and vault maps discovered:
D:1:      wander_arrival_desolate, layout_basic, serial_shops,
          nicolae_shop_just_a_little_nook, chequers_serial_rivers_large_b
D:2:      layout_rooms
D:3:      layout_loops_corners, mainiacjoe_overflow_alcove_4,
          uniq_crazy_yiuf_cottage
D:4:      layout_loops_cross, minmay_temple_entry_nine_rooms, serial_shops,
          shop, nicolae_shop_dragon_depot
D:5:      layout_layer_cave, lemuel_coloured_pillars_altar, serial_shops, shop,
          nicolae_shop_getting_attention, uniq_duvessa
D:6:      layout_loops_ring, bh_walls_and_bars, uniq_blork_the_orc
D:7:      layout_loops_ring, serial_shops,
          nicolae_shop_temple_entry_statues_fountains, uniq_joseph
D:8:      layout_layer_cave, lair_entry_dummy, serial_ice, serial_ice_m,
          serial_ice_b, serial_ice_e, serial_ice_i, serial_ice_h, serial_ice_f,
          serial_shops, shop, hellmonk_guarded_unrand_gong, uniq_psyche
Temple:   nicolae_temple_no_exploring_needed

Skill      XL: |  1  2  3  4  5  6  7  8  9 |
---------------+----------------------------+-----
Unarmed Combat | 3 4 5 6 8 9 10 | 10.0
Fighting       | 8 10 | 10.0
Invocations    | 4 |  4.4
Armour         | |  2.6
Shields        | |  2.6

Action                     |  1- 3 |  4- 6 |  7- 9 || total
---------------------------+-------+-------+-------++-------
  Melee: Unarmed           |   135 |   113 |   179 ||   427
  Throw: Dart              |       |       |     3 ||     3
    Use: Potion            |       |     1 |     1 ||     2
 Armour: Scale mail        |    61 |    19 |       ||    80
         Chain mail        |       |    43 |    18 ||    61
         Plate armour      |       |       |    90 ||    90
  Dodge: Dodged            |    55 |    35 |    49 ||   139
  Block: Buckler           |    33 |    12 |    42 ||    87
